 Dungeon Crawl Stone Soup version 0.28-a0-32-g8dfe7f97f6 (webtiles) character file.

Game seed: 11861025215645773374

251 willcat the Covert (level 6, -2/37 HPs)
             Began as a Kobold Delver on July 27, 2021.
             Slain by a scorpion (8 damage)
             ... on level 6 of the Dungeon.
             The game lasted 00:00:48 (143 turns).

willcat the Covert (Kobold Delver)                   Turns: 143, Time: 00:00:49

Health: -2/37      AC:  3    Str:  9    XL:     6   Next: 36%
Magic:  6/6        EV: 14    Int: 12    God:
Gold:   16         SH:  0    Dex: 18    Spells: 5/5 levels left

rFire   . . .      SeeInvis .   a - +0 short sword
rCold   . . .      Faith    .   (shield restricted)
rNeg    . . .      Spirit   .   b - +0 leather armour
rPois   .          Reflect  .   (no helmet)
rElec   .          Harm     .   (no cloak)
rCorr   .          Rampage  .   (no gloves)
Will    .....                   (no boots)
Stlth   +++++.....              (no amulet)
HPRegen 0.12/turn               (no ring)
MPRegen 0.10/turn               (no ring)

@: mighty, lethally poisoned (-2 -> -9)
A: small, no large weapons, nightstalker 3
a: no special abilities


You were on level 6 of the Dungeon.
You visited 1 branch of the dungeon, and saw 2 of its levels.

You collected 16 gold pieces.

Inventory:

Hand Weapons
 a - a +0 short sword (weapon)
Armour
 b - a +0 leather armour (worn)
Wands
 g - a wand of digging (3)
Scrolls
 c - a scroll of fog
 d - a scroll of magic mapping
 e - a scroll of fear
Potions
 f - a potion of haste
 i - a potion of curing {unknown}


   Skills:
 - Level 3.2 Fighting
 + Level 6.1 Short Blades
 - Level 2.4 Dodging
 + Level 9.0 Stealth


You had 5 spell levels left.
You didn't know any spells.
Your spell library was empty.

Dungeon Overview and Level Annotations

Branches:
Dungeon (6/15)
 Temple: D:4-7

Altars:
The Shining One


Innate Abilities, Weirdness & Mutations

You are small and have problems with some larger weapons.
You are completely attuned to the shadows.


Message History

The ufetubus hits you. The ufetubus barely misses you.
You closely miss the ufetubus.
The ufetubus is moderately wounded.
The ufetubus misses you. The ufetubus hits you.
You barely miss the ufetubus.
The ufetubus is moderately wounded.
The ufetubus barely misses you. The ufetubus misses you.
The ufetubus hits you but does no damage. x2
You barely miss the ufetubus.
The ufetubus is moderately wounded.
The ufetubus hits you. x2
You hit the ufetubus.
The ufetubus is almost dead.
The ufetubus completely misses you. The ufetubus barely misses you.
You barely miss the ufetubus.
The ufetubus is almost dead.
The ufetubus misses you. The ufetubus closely misses you.
You barely miss the ufetubus.
The ufetubus is almost dead.
The ufetubus hits you. x2
You hit the ufetubus but do no damage.
The ufetubus is almost dead.
The ufetubus misses you. x3; The ufetubus closely misses you.
You hit the ufetubus.
You kill the ufetubus!
A scorpion comes into view.
A scorpion is nearby!
Unknown command.
Okay, then.
The scorpion stings you.
You are lethally poisoned!
The scorpion poisons you!
* * * LOW HITPOINT WARNING * * *
You feel very sick.
It was a potion of might.
You feel very mighty all of a sudden.
* * * LOW HITPOINT WARNING * * *
You feel very sick. The scorpion stings you!
You die...

..## #.. #..#
....##..##...###
####........#..##..#.##
#.....#.....#.#.#.....#
#.......##....@s...#...
#.°..#.###...#.##..#
##°...#.#....#.#.#.#
####.°....○○......#. .#
...)°..####§####...# ..
.#...°°# #§# #..## .##
#..°°.# #.# #....
......§###### #....
.#.....§..


You could see a scorpion.

Vanquished Creatures
  Edmund (D:6)
  An ice beast (D:6)
  A centaur zombie (D:6)
  An adder (D:6)
  An ufetubus (D:6)
5 creatures vanquished.

Notes
Turn   | Place    | Note
-------+----------+-------------------------------------------
     0 | D:5      | willcat the Kobold Delver began the quest for the Orb.
     0 | D:5      | Reached XP level 1. HP: 14/14 MP: 1/1
    35 | D:6      | Found a glowing golden altar of the Shining One.
    57 | D:6      | Reached skill level 7 in Stealth
    57 | D:6      | Reached XP level 2. HP: 15/19 MP: 2/2
    57 | D:6      | Reached XP level 3. HP: 18/23 MP: 3/3
    63 | D:6      | Noticed an ice beast
    68 | D:6      | Killed an ice beast
    69 | D:6      | Reached skill level 5 in Short Blades
    69 | D:6      | Reached skill level 8 in Stealth
    69 | D:6      | Reached XP level 4. HP: 23/28 MP: 4/4
    69 | D:6      | Reached XP level 5. HP: 26/32 MP: 5/5
    89 | D:6      | Noticed Edmund
    93 | D:6      | Killed Edmund
    94 | D:6      | Reached skill level 9 in Stealth
    94 | D:6      | Reached XP level 6. HP: 33/37 MP: 6/6
   143 | D:6      | Slain by a scorpion

Illustrated notes

Levels and vault maps discovered:
D:5:      layout_basic, mainiacjoe_overflow_boulevard,
          mainiacjoe_overflow_large_starburst, nicolae_shop_firing_range,
          uniq_eustachio, uniq_grinder
D:6:      layout_layer_cave, mainiacjoe_overflow_concentric_impassable,
          gup_sewer_entry_pipe, lemuel_flamethrower_2, uniq_edmund

Skill      XL: |  1  2  3  4  5 |
---------------+----------------+-----
Short Blades   | 3 5 6 |  6.1
Stealth        | 7 8 9 |  9.0
Fighting       | |  3.2
Dodging        | |  2.4

Action                   |  1- 3 |  4- 6 || total
-------------------------+-------+-------++-------
Melee: Short sword       |    10 |    15 ||    25
  Use: Potion            |       |     1 ||     1
 Stab: Sleeping          |     3 |     1 ||     4
Armor: Leather armour    |     4 |     4 ||     8
Dodge: Dodged            |    12 |    22 ||    34

Table legend: (Time is in decaauts)
 A = Elapsed time spent in this place.
 B = Non-inter-level travel time spent in this place.
 C = Inter-level travel time spent in this place.
 D = Time resting spent in this place.
 E = Time spent auto-exploring this place.
 F = Levels seen in this place.
 G = Mean time per level.
                   A        B        C        D        E       F      G
               +--------+--------+--------+--------+--------+-----+--------+
         Total |    139 |    139 |      0 |      0 |     43 |   2 |   69.5 |
       Dungeon |    139 |    139 |      0 |      0 |     43 |   2 |   69.5 |
               +--------+--------+--------+--------+--------+-----+--------+

Top non-repeatable levels by time:
     D:6: 138 daAuts
     D:5: 1 daAuts
